 Dungeon Crawl Stone Soup version 0.23.1-37-gaa34b87 (webtiles) character file.

Game seed: 4333171605578985604

65 Gamesmithrift the Charmwright (level 4, 0/34 HPs)
             Began as a Human Skald on Mar 21, 2019.
             Slain by Edmund
             ... wielding a +2 flail of crushing
              (1 damage)
             ... on level 4 of the Dungeon.
             The game lasted 00:12:48 (2588 turns).

Gamesmithrift the Charmwright (Human Skald)         Turns: 2588, Time: 00:12:49

Health: 0/34       AC:  3    Str: 12    XL:     4   Next: 35%
Magic:  7/7        EV: 12    Int: 13    God:
Gold:   59         SH:  0    Dex: 13    Spells: 6/7 levels left

rFire    . . .     SeeInvis .   l - +2 short sword (venom)
rCold    . . .     Gourm    .   (no shield)
rNeg     . . .     Faith    .   g - +0 leather armour
rPois    .         Spirit   .   (no helmet)
rElec    .         Reflect  .   (no cloak)
rCorr    .         Harm     .   (no gloves)
MR       .....                  (no boots)
Stlth    +.........             (no amulet)
HPRegen  0.11/turn              (no ring)
MPRegen  0.10/turn              (no ring)

@: confused, lethally poisoned (0 -> -7), very slightly contaminated, invisible
A: no striking features
a: no special abilities


You were on level 4 of the Dungeon.
You were not hungry.

You visited 1 branch of the dungeon, and saw 4 of its levels.

You collected 59 gold pieces.

Inventory:

Hand Weapons
 a - a +0 mace
 e - a +0 club
 l - a +2 short sword of venom (weapon)
Missiles
 c - 12 poisoned needles (quivered)
 k - 22 stones
Armour
 b - a +0 leather armour
 g - a +0 leather armour (worn)
Scrolls
 d - a scroll of enchant weapon {unknown}
 j - a scroll of amnesia {unknown}


   Skills:
 + Level 2.7 Fighting
 + Level 0.7 Short Blades
 + Level 2.4 Maces & Flails
 + Level 1.8 Armour
 + Level 2.3 Dodging
 + Level 0.2 Stealth
 + Level 2.0 Spellcasting
 + Level 3.3 Charms


You had 6 spell levels left.
You knew the following spells:

 Your Spells              Type           Power        Failure   Level  Hunger
a - Infusion              Chrm           ##..         9%          1    ##.....

Your spell library contained the following spells:

 Spells                   Type           Power        Failure   Level  Hunger
 Song of Slaying          Chrm           ##......     12%         2    ###....
 Shroud of Golubria       Chrm/Tloc      #.........   24%         2    ###....
 Regeneration             Chrm/Necr      #.........   43%         3    ####...
 Spectral Weapon          Hex/Chrm       #.......     43%         3    ####...


Dungeon Overview and Level Annotations

Branches:
Dungeon (4/15)
 Temple: D:4-7

Altars:
Hepliaklqana

Annotations:
D:4 Edmund


Message History

It was a potion of invisibility.
You fade into invisibility!
* * * LOW HITPOINT WARNING * * *
You feel sick.
Edmund hits you with a +2 flail of crushing.
* * * LOW HITPOINT WARNING * * *
x2 The adder barely misses you.
You are very lightly contaminated with residual magic.
There is a lethal amount of poison in your body!
It was a potion of ambrosia.
You are confused.
You feel invigorated.
* * * LOW HITPOINT WARNING * * *
You feel sick.
You kill the adder!
Edmund misses you.
You miss Edmund.
You feel sick.
Edmund hits you with a +2 flail of crushing!
* * * LOW HITPOINT WARNING * * *
You die...

##############...#
#...# . #...# ..
#...# ... #...#
....##...#
.....'...#
....##...# ...
#.@@# ..
#.).......# .
#.........#
...........#
............#
...........>..#
##.##.####..... #.
#. ..###


You could see Edmund.

Vanquished Creatures
  2 adders
  A worm (D:2)
  2 dart slugs
  4 leopard geckos (D:1)
  An orc (D:4)
  3 bats
  2 goblins (D:2)
  6 hobgoblins
  2 jackals (D:1)
  4 frilled lizards
  5 kobolds
  3 rats
35 creatures vanquished.

Notes
Turn   | Place    | Note
-------+----------+-------------------------------------------
     0 | D:1      | Gamesmithrift the Human Skald began the quest for the Orb.
     0 | D:1      | Reached XP level 1. HP: 16/16 MP: 3/3
   351 | D:1      | Reached XP level 2. HP: 15/23 MP: 5/5
  1039 | D:1      | Reached XP level 3. HP: 26/28 MP: 6/6
  1504 | D:2      | Reached XP level 4. HP: 22/34 MP: 7/7
  2540 | D:4      | Found a hazy altar of Hepliaklqana.
  2573 | D:4      | Noticed Edmund
  2588 | D:4      | HP: 1/34 [Edmund/+2 flail of crushing (13)]
  2588 | D:4      | Slain by Edmund

Action                   |  1- 3 |  4- 6 || total
-------------------------+-------+-------++-------
Melee: Mace              |    17 |       ||    17
       Club              |    61 |       ||    61
       Short sword       |    18 |    21 ||    39
  Use: Potion            |     4 |     3 ||     7
       Scroll            |     1 |       ||     1
  Eat: Chunk             |     1 |     2 ||     3
       Ration            |       |     1 ||     1
Armor: Leather armour    |    24 |     5 ||    29
Dodge: Dodged            |    97 |    18 ||   115
